 Dungeon Crawl Stone Soup version 0.23-a0-860-g8ff03fb (webtiles) character file.

16 Amnesiac the Cutter (level 2, 0/19 HPs)
             Began as a Tengu Fighter on Jan 28, 2019.
             Slain by a gnoll
             ... wielding a +0 spear
              (5 damage)
             ... on level 2 of the Dungeon.
             The game lasted 00:00:42 (72 turns).

Amnesiac the Cutter (Tengu Fighter)                   Turns: 72, Time: 00:00:43

Health: 0/19       AC:  6    Str: 16    XL:     2   Next: 58%
Magic:  3/3        EV:  6    Int:  8    God:
Gold:   8          SH:  9    Dex: 13    Spells: 1/1 levels left

rFire    . . .     SeeInvis .   a - +0 rapier
rCold    . . .     Gourm    .   c - +0 shield
rNeg     . . .     Faith    .   b - +0 scale mail
rPois    .         Spirit   .   (helmet restricted)
rElec    .         Reflect  .   (no cloak)
rCorr    .         Harm     .   (no gloves)
MR       .....                  (boots unavailable)
Stlth    ..........             (no amulet)
HPRegen  0.06/turn              (no ring)
MPRegen  0.08/turn              (no ring)

@: no status effects
A: beak, talons 3
a: no special abilities


You were on level 2 of the Dungeon.
You were not hungry.

You visited 1 branch of the dungeon, and saw 2 of its levels.

You collected 8 gold pieces.

Inventory:

Hand Weapons
 a - a +0 rapier (weapon)
Armour
 b - a +0 scale mail (worn)
 c - a +0 shield (worn)
Scrolls
 e - a scroll of amnesia {!r, unknown}
 g - a scroll of enchant armour {!r, unknown}
 h - a scroll of remove curse {!r, unknown}
 j - a scroll of teleportation {!r, unknown}
Potions
 d - a potion of might {!q}
Comestibles
 f - a ration
 i - a chunk of flesh


   Skills:
 - Level 3.0 Fighting
 + Level 3.4 Short Blades
 - Level 3.2 Armour
 - Level 3.0 Shields


You had one spell level left.
You didn't know any spells.
Your spell library was empty.

Dungeon Overview and Level Annotations

Branches:
Dungeon (2/15)

Altars:
Ashenzari
Wu Jian


Innate Abilities, Weirdness & Mutations

You have a beak for a mouth.
You have claws for feet.


Message History

You hit the adder. You peck the adder.
The adder is almost dead.
The adder bites you but does no damage.
You hit the adder.
You kill the adder!
Your Short Blades skill increases to level 3!
You have reached level 2!
g - a scroll labeled SAOMNU GOLIM {!r}
There is an ornate altar of the Wu Jian Council here.
h - a scroll labeled JIX XUYLUM {!r} A bat comes into view.
The bat hits you but does no damage.
You hit the bat but do no damage. You claw the bat.
You kill the bat!
You butcher the bat corpse.
i - a chunk of flesh You see here a bat skeleton. x2
j - a scroll labeled QAPTURGH HURE {!r} A hobgoblin comes into view.
It is wielding a +0 club.
The hobgoblin shouts!
A hobgoblin is nearby!
A gnoll comes into view. It is wielding a +0 spear.
The gnoll shouts!
A hobgoblin comes into view. It is wielding a +0 club.
The gnoll moves out of view.
A frilled lizard comes into view.
The hobgoblin shouts!
The hobgoblin hits you with a +0 club.
Found a ration.
Your scale mail prevents you from hitting the hobgoblin.
You block the hobgoblin's attack.
You hit the hobgoblin. You peck the hobgoblin.
The hobgoblin is almost dead.
The hobgoblin completely misses you.
You hit the hobgoblin but do no damage.
The hobgoblin is almost dead.
You block the hobgoblin's attack.
A gnoll comes into view.
You block the hobgoblin's attack.
The gnoll hits you from afar with a +0 spear.
The hobgoblin hits you with a +0 club.
* * * LOW HITPOINT WARNING * * *
You barely miss the hobgoblin.
The gnoll shouts!
You peck the hobgoblin.
You kill the hobgoblin!
You hear a shout!
The hobgoblin barely misses you. The gnoll barely misses you.
You closely miss the hobgoblin. You claw the hobgoblin.
You kill the hobgoblin!
The frilled lizard barely misses you.
The gnoll hits you from afar with a +0 spear.
* * * LOW HITPOINT WARNING * * *
You barely miss the frilled lizard. You peck the frilled lizard.
You kill the frilled lizard!
You block the gnoll's attack. You block the gnoll's attack.
A gnoll comes into view. It is wielding a +0 whip.
Found a stone staircase leading down.
Things that are here:
a +0 club; a hobgoblin corpse You hit the gnoll but do no damage.
You block the gnoll's attack. The gnoll hits you with a +0 spear.
You die...

...#......
#.......########.#.._...
...............#....8...
........#
##.....รท.._... g......#
#..#[......... #.....#
#.##...#..<...
#.....###.##...###.#..
#...g.#.......###..#.#
#@...##.#..##.#[.#
#.g)...#..##.##.#.##
#....##.#....# .##.#.#
>...## ..###..# ..#.#
.## .#.# ..# .# .# #.#.#
... . #.. ... .%.


You could see 3 gnolls.

Vanquished Creatures
  An adder (D:2)
  A bat (D:2)
  A goblin (D:1)
  2 hobgoblins (D:2)
  A ball python (D:1)
  2 frilled lizards
8 creatures vanquished.

Notes
Turn   | Place    | Note
-------+----------+-------------------------------------------
     0 | D:1      | Amnesiac the Tengu Fighter began the quest for the Orb.
     0 | D:1      | Reached XP level 1. HP: 14/14 MP: 2/2
    30 | D:2      | Found a shattered altar of Ashenzari.
    30 | D:2      | Found an ornate altar of the Wu Jian Council.
    37 | D:2      | Reached XP level 2. HP: 19/19 MP: 3/3
    72 | D:2      | Slain by a gnoll

Vault maps used:
D:1:      minmay_arrival_checkered_box, grunt_decor_resistance
D:2:      chequers_temple_overflow_statue_of_worship,
          chequers_ecumenical_altar_island, first_ration

Skill      XL: |  1 |
---------------+----+-----
Short Blades   | 3 |  3.4
Fighting       | |  3.0
Armour         | |  3.2
Shields        | |  3.0

Action                   || total
-------------------------++-------
Melee: Rapier            ||    16
       Peck              ||     5
       Kick              ||     3
Armor: Scale mail        ||     5
Dodge: Dodged            ||     5
Block: Shield            ||     6

Table legend:
 A = Non-vault XP
 B = Vault XP
 C = Vault XP percentage of total XP
 D = Non-vault monster count
 E = Vault monster count
 F = Vault count percentage of total count
                 A         B        C        D         E       F
            +---------+---------+-------+---------+---------+-------
      Total |      24 |       0 |   0.0 |       8 |       0 |   0.0
            +---------+---------+-------+---------+---------+-------
        D:1 |       4 |       0 |   0.0 |       3 |       0 |   0.0
        D:2 |      20 |       0 |   0.0 |       5 |       0 |   0.0
            +---------+---------+-------+---------+---------+-------
